 Dungeon Crawl Stone Soup version 0.28.0-53-g5a82cb258f (webtiles) character file.

Game seed: 10465489044327377636

16610 safid the Severer (level 12, -11/106 HPs)
             Began as a Hill Orc Fighter on Aug 17, 2022.
             Was a High Priest of Okawaru.
             Mangled by a brown very ugly thing (16 damage)
             ... summoned by a worldbinder
             ... while paralysed by a floating eye
             ... in a Gauntlet.
             The game lasted 00:26:23 (18821 turns).

safid the Severer (Hill Orc Fighter)               Turns: 18821, Time: 00:26:24

Health: -11/106    AC: 21    Str: 24    XL:     12   Next: 39%
Magic:  0/12       EV:  2    Int:  8    God:    Okawaru [*****.]
Gold:   519        SH:  0    Dex: 10    Spells: 11/11 levels left

rFire   + . .      SeeInvis .   a - +0 war axe
rCold   . . .      Faith    .   q - +0 kite shield
rNeg    . . .      Spirit   +   f - +0 plate armour
rPois   +          Reflect  .   e - +0 helmet
rElec   .          Harm     .   (no cloak)
rCorr   +          Rampage  .   h - +0 pair of gloves
Will    .....      NoTele   +   (no boots)
Stlth   ..........              j - amulet "Giepn" {Spirit rPois rF+ rCorr}
HPRegen 0.27/turn               F - +4 ring of protection
MPRegen 0.13/turn               v - ring of poison resistance

@: paralysed, slowed, studying Shields
A: no striking features
a: Renounce Religion, Heroism, Finesse, Duel


You were in a Gauntlet.
You worshipped Okawaru.
Okawaru was extremely pleased with you.
You visited 3 branches of the dungeon, and saw 13 of its levels.
You also visited: Ossuary and Gauntlet.

You collected 695 gold pieces.
You spent 176 gold pieces at shops.

Inventory:

Hand Weapons
 a - a +0 war axe (weapon)
Missiles
 A - 4 javelins
 I - 7 poisoned darts (quivered)
Armour
 e - a +0 helmet (worn)
 f - a +0 plate armour (worn)
 h - a +0 pair of gloves (worn)
 q - a +0 kite shield (worn)
 M - a +0 tower shield
Jewellery
 b - a ring of fire
 j - the amulet "Giepn" (around neck) {Spirit rPois rF+ rCorr}
   (You found it in a Gauntlet)

   [amulet of guardian spirit]

   It causes incoming damage to be divided between your reserves of health and
   magic.
   rF:        It protects you from fire.
   rPois:     It protects you from poison.
   rCorr:     It protects you from acid and corrosion.
 v - a ring of poison resistance (right hand)
 F - a +4 ring of protection (left hand)
 K - a ring of see invisible
Wands
 t - a wand of paralysis (25)
 G - a wand of flame (38)
Scrolls
 n - 7 scrolls of teleportation
 o - 3 scrolls of brand weapon
 s - 5 scrolls of fog
 u - 2 scrolls of enchant weapon
 w - 3 scrolls of amnesia
 E - 3 scrolls of magic mapping
 H - a scroll of holy word {unknown}
 L - a scroll of vulnerability {unknown}
Potions
 c - 2 potions of resistance {unknown}
 d - a potion of might
 g - 3 potions of curing
 i - 4 potions of mutation
 k - a potion of cancellation {unknown}
 l - a potion of haste {unknown}
 r - a potion of lignification {unknown}
 x - 3 potions of flight
 z - a potion of berserk rage {unknown}
 B - a potion of attraction {unknown}
 C - 2 potions of brilliance {unknown}
 J - 2 potions of magic {unknown}


   Skills:
 + Level 10.2 Fighting
 - Level 16.0 Axes
 + Level 9.5 Armour
 - Level 6.0 Dodging
 * Level 12.2 Shields


You had 11 spell levels left.
You didn't know any spells.
Your spell library contained the following spells:

 Spells                   Type           Power      Damage    Failure   Level
 Magic Dart               Conj           0%         1d3       100%        1
 Sandblast                Erth           0%         2d4       100%        1
 Slow                     Hex            0%         N/A       100%        1
 Ensorcelled Hibernation  Hex/Ice        0%         N/A       100%        2
 Passwall                 Tmut/Erth      0%         N/A       100%        2
 Mephitic Cloud           Conj/Pois/Air  0%         N/A       100%        3
 Stone Arrow              Conj/Erth      0%         3d7       100%        3
 Swiftness                Air            0%         N/A       100%        3
 Call Imp                 Summ           Unusable   N/A       N/A         2

Dungeon Overview and Level Annotations

Branches:
Dungeon (9/15)             Temple (1/1) D:4            Lair (3/6) D:9
  Swamp (0/4) Lair:2        Snake (0/4) Lair:2      Ossuary (visited)
Gauntlet (1/1)
    Orc: D:9-12

Altars:
Ashenzari
Cheibriados
Dithmenos
Elyvilon
Fedhas
Gozag
Hepliaklqana
Kikubaaqudgha
Makhleb
Nemelex Xobeh
Okawaru
Qazlal
Ru
Sif Muna
Trog
Uskayaw
Vehumet
Wu Jian
Xom
Yredelemnul
Zin
The Shining One

Shops:
D:7 ((?   D:9 :(

Annotations:
D:3 1 runed translucent door, Crazy Yiuf
D:5 1 runed translucent door, COBRA's ghost, novice HOFi
D:8 3 runed translucent doors, hawla's ghost, novice MiGl Gauntlet 17 runed translucent doors, 7 transporters, exclusion: obsidian statue


Message History

You block the purple very ugly thing's attack.
The floating eye's stare focuses on you.
The purple very ugly thing punches you but does no damage.
Unknown command.
The brown very ugly thing fails to trigger a net trap.
You block the purple very ugly thing's attack.
Unknown command.
You hear some strange, mumbled words.
The purple very ugly thing punches you!!
* * * LOW HITPOINT WARNING * * *
You hear a shout!
Unknown command.
Unknown command.
The floating eye fails to trigger a net trap.
Something hits you but does no damage.
You see here Zuamats's Tome of Igneous Clay.
Unknown command.
You slash something! x2
You closely miss the purple very ugly thing.
The boggart seems to regain its courage.
You hear some strange, mumbled words.
Something hits you but does no damage.
The torpor snail fails to trigger a net trap.
Being near the torpor snail leaves you feeling lethargic.
Unknown command.
You barely miss something.
You hit the purple very ugly thing but do no damage.
You hit something but do no damage.
The purple very ugly thing disappears in a puff of smoke!
The boggart casts a spell.
The boggart blinks!
Something hits you but does no damage. x2
The floating eye gazes piercingly through you!
You suddenly lose the ability to move!
You hear some strange, mumbled words.
Something hits you but does no damage.
The brown very ugly thing engulfs you but does no damage.
The boggart gestures wildly while chanting.
The boggart flickers and vanishes!
Something hits you but does no damage. x2
The brown very ugly thing engulfs you!!
You die...

###..###########...####
#.....#.©.#....≈....#
###...8.#...#.8.≈8≈.8.#
#8#.....#.©.#....≈....#
###..###########...####
#..#.w^......#...#...
###..#G.##^##..#...#.#.
#8#..#u#3.#w.#.#####..#
###..#@#..#..#.#...#.#.
#..#©{#####..#©.©#..#
###..#Z#4Q#O.#.#...#.#.
#8#..#$#..#.O#.#####..#
###..#{.##^##.O#...#.#.
#..#.........#.8.#...
###..###########...####
#8#....................
###≈...................


You could see a brown very ugly thing (summoned), a soul eater (summoned), a
torpor snail (summoned), a chaos spawn (summoned), a tengu conjurer (summoned),
a floating eye (summoned) and a hornet simulacrum (summoned).

Vanquished Creatures
  Pikel (D:4)
  2 wizards (Gauntlet)
  A guardian serpent (Lair:2)
  4 black mambas
  Maggie (D:6)
  5 cane toads
  A rime drake (Lair:2)
  3 komodo dragons
  2 polar bears
  Prince Ribbit (D:9)
  Grinder (D:4)
  A shadow (D:9)
  Sigmund (D:3)
  5 wyverns (D:9)
  A wraith (D:8)
  17 yaks
  A basilisk (Lair:1)
  2 steam dragons
  Edmund (D:6)
  13 water moccasins
  3 orc warriors
  A black bear (Lair:1)
  3 ogres
  2 necrophages
  7 centaurs
  2 lemures (D:3)
  6 elf zombies (Ossuary)
  A scorpion (D:5)
  11 bullfrogs
  A gnoll sergeant (D:7)
  A water moccasin skeleton (D:4)
  5 killer bees (D:9)
  2 howler monkeys (D:8)
  5 wights (D:8)
  An electric eel (D:8)
  A jelly (D:6)
  3 centaur zombies (Ossuary)
  5 orc priests
  3 bullfrog skeletons
  2 centaur skeletons (D:7)
  4 hounds
  3 human zombies (Ossuary)
  Jessica (D:2)
  A gnoll shaman (D:9)
  Ijyb (D:4)
  5 orc wizards
  Natasha (twice) (D:2)
  6 iguanas
  2 killer bee zombies
  3 mummies (Ossuary)
  2 howler monkey zombies
  11 gnolls
  A howler monkey skeleton (D:7)
  10 adders
  2 shadow imps (Gauntlet)
  3 white imps
  An ufetubus (D:5)
  2 adder skeletons
  2 worms
  3 dart slugs
  23 orcs
  6 ball pythons
  7 bats
  7 endoplasms
  6 giant cockroaches
  5 goblins
  5 hobgoblins
  6 jackals (D:2)
  7 quokkas
  6 frilled lizards
  5 kobolds
  2 rats (D:1)
279 creatures vanquished.

Vanquished Creatures (others)
  4 bushes (D:9)
  20 fungi
  43 plants
67 creatures vanquished.

Grand Total: 346 creatures vanquished

Notes
Turn   | Place    | Note
-------+----------+-------------------------------------------
     0 | D:1      | safid the Hill Orc Fighter began the quest for the Orb.
     0 | D:1      | Reached XP level 1. HP: 19/19 MP: 1/1
   206 | D:1      | Reached skill level 3 in Axes
   206 | D:1      | Reached XP level 2. HP: 25/27 MP: 2/2
   816 | D:2      | Reached XP level 3. HP: 33/33 MP: 3/3
  1125 | D:2      | Noticed Jessica
  1127 | D:2      | Killed Jessica
  1128 | D:2      | Reached skill level 4 in Axes
  1128 | D:2      | Reached XP level 4. HP: 38/40 MP: 4/4
  1556 | D:2      | Noticed Natasha
  1563 | D:2      | Killed Natasha
  1564 | D:2      | Reached skill level 5 in Axes
  1720 | D:2      | Noticed Natasha
  1723 | D:2      | Reached XP level 5. HP: 46/46 MP: 5/5
  1731 | D:2      | Killed Natasha
  1825 | D:3      | Noticed Sigmund
  2178 | D:3      | Killed Sigmund
  2179 | D:3      | Reached skill level 7 in Axes
  2179 | D:3      | Reached XP level 6. HP: 24/52 MP: 6/6
  2844 | D:3      | Found a runed translucent door.
  2845 | D:3      | Noticed Crazy Yiuf
  2893 | D:3      | Reached skill level 8 in Axes
  3038 | D:3      | Found a faded altar of an unknown god.
  3045 | D:3      | Got Plato's Compendium of Enchantment
  3750 | D:4      | Reached XP level 7. HP: 43/59 MP: 7/7
  3955 | D:4      | Reached skill level 9 in Axes
  4100 | D:4      | Found a staircase to the Ecumenical Temple.
  4189 | D:4      | Noticed Pikel
  4600 | D:4      | Killed Pikel
  4601 | D:4      | Reached skill level 12 in Axes
  4601 | D:4      | Reached XP level 8. HP: 49/66 MP: 8/8
  4731 | Temple   | Entered the Ecumenical Temple
  5122 | Temple   | Became a worshipper of Warmaster Okawaru
  5415 | D:4      | Noticed Ijyb
  5422 | D:4      | Killed Ijyb
  5579 | D:4      | Paralysed by an orc for 2 turns
  5723 | D:4      | Noticed Grinder
  5743 | D:4      | Killed Grinder
  5744 | D:4      | Reached skill level 13 in Axes
  6036 | D:5      | Entered Level 5 of the Dungeon
  6112 | D:5      | Found a runed translucent door.
  6114 | D:5      | Noticed COBRA's ghost (novice HOFi)
  6251 | D:5      | Found a hazy altar of Hepliaklqana.
  6270 | D:5      | Reached XP level 9. HP: 53/71 MP: 9/9
  6491 | D:5      | Reached * piety under Okawaru
  6492 | D:5      | Reached skill level 14 in Axes
  7403 | D:6      | Found a sand-covered staircase.
  7407 | Ossuary  | Entered an ossuary
  7478 | Ossuary  | Reached skill level 15 in Axes
  7710 | Ossuary  | Reached ** piety under Okawaru
  7742 | Ossuary  | Reached skill level 16 in Axes
  8066 | D:6      | Noticed Edmund
  8073 | D:6      | Killed Edmund
  8074 | D:6      | Reached skill level 1 in Dodging
  8171 | D:6      | Noticed Maggie
  8187 | D:6      | Killed Maggie
  8188 | D:6      | Reached skill level 5 in Fighting
  8352 | D:6      | Reached skill level 5 in Armour
  8352 | D:6      | Reached XP level 10. HP: 67/81 MP: 10/10
  8442 | D:6      | Reached *** piety under Okawaru
  9083 | D:7      | Found Juedos Xutuf's Magic Scroll Shoppe.
  9275 | D:7      | Bought a scroll of identify for 22 gold pieces
  9275 | D:7      | Bought a scroll of fog for 22 gold pieces
  9275 | D:7      | Bought a scroll of teleportation for 33 gold pieces
  9275 | D:7      | Bought a scroll of noise for 11 gold pieces
  9275 | D:7      | Bought a scroll of teleportation for 33 gold pieces
  9275 | D:7      | Bought a scroll of identify for 22 gold pieces
  9275 | D:7      | Bought a scroll of teleportation for 33 gold pieces
  9518 | D:7      | Found Tuhurof's Weapon Shoppe.
  9540 | D:7      | Found Lusok's Antique Weapon Boutique.
  9974 | D:8      | Noticed a death knight
 10463 | D:8      | Reached **** piety under Okawaru
 10809 | D:8      | Found a runed translucent gate.
 10809 | D:8      | Found a runed translucent gate.
 10809 | D:8      | Found a runed translucent gate.
 10810 | D:8      | Noticed a nine-headed hydra
 10810 | D:8      | Noticed an 11-headed hydra
 10810 | D:8      | Noticed hawla's ghost (novice MiGl)
 12071 | D:9      | Found Gew Wuimpa's Antique Weapon Emporium.
 12600 | D:9      | Noticed Prince Ribbit
 12629 | D:9      | Killed Prince Ribbit
 13059 | D:9      | Reached XP level 11. HP: 67/94 MP: 11/11
 13060 | D:9      | Reached skill level 5 in Shields
 13070 | D:9      | Reached ***** piety under Okawaru
 13465 | D:9      | Found a staircase to the Lair.
 13658 | D:9      | Found Ziroir's Book Shop.
 14195 | D:9      | Identified a scroll of acquirement
 14196 | D:9      | Acquired a manual of Shields
 14221 | Lair:1   | Entered Level 1 of the Lair of Beasts
 14234 | Lair:1   | Reached skill level 5 in Dodging
 16223 | Lair:1   | Identified the +1 hat of Soft Rains {rC- rCorr Int+2}
                  | (Okawaru gifted it to you on level 1 of the Lair of Beasts)
 16223 | Lair:1   | Received a gift from Okawaru
 16532 | Lair:2   | Found a staircase to the Swamp.
 16709 | Lair:2   | Reached skill level 10 in Shields
 16818 | Lair:2   | Reached XP level 12. HP: 105/105 MP: 12/12
 16843 | Lair:2   | Noticed an eight-headed hydra
 17123 | Lair:2   | Found a staircase to the Snake Pit.
 17997 | Lair:3   | Noticed a death yak
 17999 | Lair:3   | Noticed a death yak
 17999 | Lair:3   | Noticed a death yak
 18002 | Lair:3   | Noticed a death yak
 18003 | Lair:3   | Noticed a death yak
 18004 | Lair:3   | Noticed a death yak
 18185 | Lair:3   | Reached skill level 10 in Fighting
 18195 | Lair:3   | Noticed an eight-headed hydra
 18197 | Lair:3   | Found a gate leading to a gauntlet.
 18206 | Gauntlet | Entered a Gauntlet
 18206 | Gauntlet | Noticed a balrug
 18206 | Gauntlet | Found a large runed translucent door.
 18206 | Gauntlet | Found a large runed translucent door.
 18206 | Gauntlet | Found a large runed translucent door.
 18206 | Gauntlet | Found a large runed translucent door.
 18206 | Gauntlet | Found a large runed translucent door.
 18206 | Gauntlet | Found a large runed translucent door.
 18206 | Gauntlet | Found a large runed translucent door.
 18206 | Gauntlet | Found a large runed translucent door.
 18206 | Gauntlet | Found a runed translucent door.
 18206 | Gauntlet | Found a runed translucent gate.
 18206 | Gauntlet | Found a transporter.
 18206 | Gauntlet | Found a transporter.
 18206 | Gauntlet | Found a runed translucent gate.
 18206 | Gauntlet | Found a transporter.
 18206 | Gauntlet | Found a transporter.
 18210 | Gauntlet | Found a transporter.
 18211 | Gauntlet | Found a runed translucent gate.
 18211 | Gauntlet | Found a runed translucent door.
 18215 | Gauntlet | Found a large runed translucent door.
 18215 | Gauntlet | Found a large runed translucent door.
 18216 | Gauntlet | Found a large runed translucent door.
 18217 | Gauntlet | Found a large runed translucent door.
 18221 | Gauntlet | Found a transporter.
 18226 | Gauntlet | Found a large runed translucent door.
 18226 | Gauntlet | Found a large runed translucent door.
 18227 | Gauntlet | Found a transporter.
 18229 | Gauntlet | Found a transporter.
 18247 | Gauntlet | Found a transporter.
 18248 | Gauntlet | Found a transporter.
 18302 | Gauntlet | Found a large runed translucent door.
 18302 | Gauntlet | Found a large runed translucent door.
 18318 | Gauntlet | Found a transporter.
 18343 | Gauntlet | Found a transporter.
 18674 | Gauntlet | Identified the amulet "Giepn" {Spirit rPois rF+ rCorr}
 18790 | Gauntlet | Noticed a cyan very ugly thing
 18790 | Gauntlet | Noticed a purple very ugly thing
 18795 | Gauntlet | Noticed a brown very ugly thing
 18795 | Gauntlet | Noticed an ironbound thunderhulk
 18799 | Gauntlet | Noticed an ironbound thunderhulk
 18803 | Gauntlet | Noticed a red very ugly thing
 18806 | Gauntlet | Noticed a green very ugly thing
 18806 | Gauntlet | Noticed an ironbound thunderhulk
 18807 | Gauntlet | Noticed a soul eater
 18811 | Gauntlet | Paralysed by a floating eye for 2 turns
 18812 | Gauntlet | Noticed a brown very ugly thing
 18812 | Gauntlet | Noticed a purple very ugly thing
 18816 | Gauntlet | HP: 3/106 [purple very ugly thing[a worldbinder] (19)]
 18819 | Gauntlet | Paralysed by a floating eye for 3 turns
 18821 | Gauntlet | Mangled by a brown very ugly thing

Illustrated notes

Levels and vault maps discovered:
D:1:      dpeg_arrival_tiny_c, layout_loops_cross
D:2:      layout_loops_ring, nrook_mini_vaults, uniq_natasha, uniq_jessica
D:3:      layout_loops_corners, shapermc_ecumenical_altar_rom_forum,
          uniq_sigmund, uniq_crazy_yiuf_cottage
D:4:      layout_loops_cross, minmay_temple_entry_steel_oval, serial_rivers,
          chequers_serial_rivers_marsh, chequers_serial_rivers_micro_c,
          chequers_serial_rivers_large_a, chequers_serial_rivers_micro_d,
          st_stairs_14, uniq_ijyb, uniq_pikel, uniq_grinder
D:5:      minmay_general_purpose_star, layout_basic, overflow_temple_1_default,
          gammafunk_ghost_grave
D:6:      layout_loops_corners, nicolae_ossuary_entry_false_entrances,
          uniq_maggie, uniq_edmund
D:7:      layout_loops_ring, serial_shops, nicolae_stop_n_shop_1,
          nicolae_shop_crystal, nicolae_shop_crystal, roderic_nine_men_s_morris
D:8:      layout_basic, gammafunk_ghost_hydra_chop
D:9:      layout_gridville, minmay_lair_entry_grove, serial_shops,
          shop_fountains, nicolae_shop_statue_plus, uniq_prince_ribbit1
Temple:   mainiacjoe_temple_trianglar_array
Lair:1:   layout_hall_layers, grunt_megastairs_1
Lair:2:   layout_chaotic_city, swamp_mist_pool, minmay_snake_entry_spellcaster,
          cheibrodos_lair_reptile_den
Lair:3:   layout_hall_layers, gauntlet_entry_generic
Gauntlet: gammafunk_gauntlet_shortcut [nicolae_gauntlet_arena_flowing_pool,
          gammafunk_gauntlet_arena_corners,
          minmay_gauntlet_arena_make_your_own_arena,
          gammafunk_gauntlet_arena_grid, nicolae_gauntlet_arena_quarters,
          gammafunk_gauntlet_arena_chambers,
          nicolae_gauntlet_exit_dead_adventurers]

Skill      XL: |  1  2  3  4  5  6  7  8  9 10 11 12 |
---------------+-------------------------------------+-----
Axes           | 3 4 5 7 8 12 13 16 | 16.0
Fighting       | 4 5 7 9 10 | 10.2
Armour         | 4 5 7 8 9 |  9.5
Shields        | 4 10 12 | 12.2
Dodging        | 2 4 5 6 |  6.0

Action                   |  1- 3 |  4- 6 |  7- 9 | 10-12 || total
-------------------------+-------+-------+-------+-------++-------
Melee: War axe           |    96 |   160 |   393 |   656 ||  1305
Invok: Heroism           |       |       |       |     1 ||     1
  Use: Scroll            |       |       |       |    18 ||    18
       Potion            |       |       |       |     6 ||     6
Armor: Scale mail        |    71 |    59 |       |       ||   130
       Chain mail        |       |    19 |   129 |    42 ||   190
       Plate armour      |       |       |       |   371 ||   371
Dodge: Dodged            |    49 |    71 |   174 |   233 ||   527
Block: Buckler           |    27 |    34 |    62 |    41 ||   164
       Kite shield       |       |       |       |   234 ||   234
